 Dungeon Crawl Stone Soup version 0.29-a0-352-g0917bc69df (webtiles) character file.

Game seed: 6668300600941929781

71 Hubjo the Firebug (level 4, -4/26 HPs)
             Began as a Deep Elf Fire Elementalist on Apr 24, 2022.
             Was a Follower of Sif Muna.
             Slain by an orc
             ... wielding a +0 trident
              (7 damage)
             ... on level 3 of the Dungeon.
             The game lasted 00:03:28 (2984 turns).

Hubjo the Firebug (Deep Elf Fire Elementalist)      Turns: 2984, Time: 00:03:31

Health: -4/26      AC:  2    Str:  5    XL:     4   Next: 5%
Magic:  8/11       EV: 13    Int: 20    God:    Sif Muna [*.....]
Gold:   84         SH:  0    Dex: 17    Spells: 9/10 levels left

rFire   + . .      SeeInvis .   f - +3 whip
rCold   . . .      Faith    .   (no shield)
rNeg    . . .      Spirit   .   a - +0 robe
rPois   .          Reflect  .   (no helmet)
rElec   .          Harm     .   (no cloak)
rCorr   .          Rampage  .   (no gloves)
Will    .....                   (no boots)
Stlth   +++.......              (no amulet)
HPRegen 0.08/turn               h - ring of protection from fire
MPRegen 0.12/turn               (no ring)

@: about to teleport
A: no striking features
a: Renounce Religion, Channel Magic


You were on level 3 of the Dungeon.
You worshipped Sif Muna.
Sif Muna was aware of your devotion.
You visited 1 branch of the dungeon, and saw 3 of its levels.

You collected 84 gold pieces.

Inventory:

Hand Weapons
 f - a +3 whip (weapon)
Armour
 a - a +0 robe (worn)
Jewellery
 h - a ring of protection from fire (left hand)
Scrolls
 d - a scroll of immolation
 j - a scroll of magic mapping {unknown}
 m - a scroll of identify {unknown}
 n - a scroll of fog {unknown}
 p - a scroll of blinking {unknown}
Potions
 b - a potion of magic
 c - a potion of berserk rage {unknown}
 e - a potion of brilliance {unknown}
 g - a potion of lignification {unknown}
 i - a potion of might {unknown}
 k - a potion of heal wounds {unknown}


   Skills:
 * Level 1.7 Fighting
 - Level 2.4 Dodging
 + Level 3.3 Stealth
 + Level 3.6 Spellcasting
 - Level 1.1 Conjurations
 + Level 3.8 Fire Magic


You had 9 spell levels left.
You knew the following spells:

 Your Spells              Type           Power      Damage    Failure   Level
a - Foxfire               Conj/Fire      52%        2x1d6     4%          1

Your spell library contained the following spells:

 Spells                   Type           Power      Damage    Failure   Level
 Scorch                   Fire           38%        2d7       4%          2
 Conjure Flame            Conj/Fire      13%        6-21      14%         3
 Inner Flame              Hex/Fire       11%        N/A       19%         3
 Flame Wave               Conj/Fire      13%        2d6       43%         4
 Summon Forest            Summ/Tloc      1%         N/A       98%         5
 Summon Mana Viper        Hex/Summ       3%         N/A       98%         5
 Summon Cactus Giant      Summ           1%         N/A       100%        6


Dungeon Overview and Level Annotations

Branches:
Dungeon (3/15)

Altars:
Sif Muna

Shops:
D:1 *

Annotations:
D:3 Ijyb


Message History

You're too confused to cast spells.
You're too confused to cast spells.
You're too confused to cast spells.
You're too confused to move!
Ijyb shouts!
The foxfire hits something. x2
The orc wizard gestures at you while chanting.
You are more confused.
The orc throws a boomerang.
The boomerang closely misses you. The orc hits you with a +0 dagger.
You bump into the rock wall.
You barely miss the orc. The orc hits you with a +0 dagger.
You closely miss the orc. Something hits you.
The orc wizard casts a spell.
The orc wizard flickers and vanishes!
The orc hits you but does no damage. The orc closely misses you.
You miss something. Something hits you. The orc closely misses you.
The orc hits you with a +0 dagger.
It was a potion of curing.
You feel better.
Something closely misses Ijyb.
The orc hits you with a +0 dagger. Ijyb hits you with a +0 club.
The orc hits you but does no damage.
As you read the scroll labelled KEXOULYFUAM, it crumbles to dust.
The creatures around you are filled with an inner flame!
It was a scroll of immolation.
Something hits you. The orc hits you with a +0 dagger.
An orc comes into view. It is wielding a +0 hand axe.
Ijyb hits you with a +0 club.
* * * LOW HITPOINT WARNING * * *
You feel better. The orc completely misses you.
The orc hits you with a +0 dagger.
An orc comes into view. It is wielding a +0 trident.
Something hits you. Ijyb hits you but does no damage.
As you read the scroll labelled VAOSIC JEUK, it crumbles to dust.
You feel strangely unstable.
It was a scroll of teleportation.
The orc shouts!
You hear a shout!
Something hits you. The orc hits you but does no damage.
Ijyb hits you with a +0 club.
* * * LOW HITPOINT WARNING * * *
The orc hits you from afar with a +0 trident!
You die...

. #.. .# .o. #.### #o#
###... . ##$.. #...##
..##....### ###....#
.......ยง..# #...##.# #
#...##g###..###.####...
#....o@{...............
#.....o######....<....#.
##...... #.........#
#....#.. #.........#
#.... ### #.........#
...<.. .......[...#
####... ####......###
#### ######.. #..


You could see Ijyb (inner flame) and 4 orcs.

Vanquished Creatures
  An adder (D:2)
  A worm (D:2)
  3 dart slugs
  3 bats
  7 endoplasms (D:1)
  3 giant cockroaches
  3 hobgoblins
  3 jackals (D:2)
  3 quokkas (D:1)
  4 ball pythons
  5 frilled lizards
  A goblin (D:2)
  8 kobolds
  4 rats (D:1)
49 creatures vanquished.

Vanquished Creatures (collateral kills)
  2 foxfires (D:1)
2 creatures vanquished.

Vanquished Creatures (others)
  126 foxfires
126 creatures vanquished.

Grand Total: 177 creatures vanquished

Notes
Turn   | Place    | Note
-------+----------+-------------------------------------------
     0 | D:1      | Hubjo the Deep Elf Fire Elementalist began the quest for
                  | the Orb.
     0 | D:1      | Reached XP level 1. HP: 10/10 MP: 6/6
   290 | D:1      | Reached XP level 2. HP: 16/16 MP: 4/8
   808 | D:1      | Found Neaskuigiy's General Store.
   865 | D:1      | Reached skill level 1 in Fighting
  1198 | D:1      | Reached XP level 3. HP: 1/20 MP: 7/9
  1714 | D:1      | Found a faded altar of an unknown god.
  1767 | D:1      | Prayed at the altar of an unknown god.
  1767 | D:1      | Became a worshipper of Sif Muna the Loreminder
  1767 | D:1      | Reached * piety under Sif Muna
  2776 | D:2      | Reached XP level 4. HP: 26/26 MP: 8/11
  2972 | D:3      | Noticed Ijyb
  2984 | D:3      | Slain by an orc

Illustrated notes

Levels and vault maps discovered:
D:1:      eino_arrival_water_cross, layout_basic, serial_shops,
          nicolae_shop_statue_plus, chequers_ecumenical_altar_island,
          grunt_decor_clamped
D:2:      layout_rooms, amcnicky_mini_pool_small, kennysheep_generic_room_16
D:3:      layout_rooms, nicolae_uskayaw_suspiria, zin_angel,
          gammafunk_temple_overflow_pools, cheibrodos_sewer_entry_sluice,
          st_stairs_14, minmay_misc_feat_room, minmay_quantized, uniq_ijyb

Skill      XL: |  1  2 |
---------------+-------+-----
Fighting       | 1 |  1.7
Stealth        | 3 |  3.3
Dodging        | |  2.4
Spellcasting   | |  3.6
Conjurations   | |  1.1
Fire Magic     | |  3.8

Action                   |  1- 3 |  4- 6 || total
-------------------------+-------+-------++-------
Melee: Whip              |    79 |     3 ||    82
       Unarmed           |     2 |       ||     2
 Cast: Foxfire           |    70 |    12 ||    82
  Use: Scroll            |       |     2 ||     2
       Potion            |       |     2 ||     2
 Stab: Sleeping          |     4 |       ||     4
Armor: Robe              |    19 |     4 ||    23
Dodge: Dodged            |    63 |     4 ||    67

Table legend: (Time is in decaauts)
 A = Elapsed time spent in this place.
 B = Non-inter-level travel time spent in this place.
 C = Inter-level travel time spent in this place.
 D = Time resting spent in this place.
 E = Time spent auto-exploring this place.
 F = Levels seen in this place.
 G = Mean time per level.
                   A        B        C        D        E       F      G
               +--------+--------+--------+--------+--------+-----+--------+
         Total |   3007 |   2974 |     33 |      0 |   2566 |   3 | 1002.3 |
       Dungeon |   3007 |   2974 |     33 |      0 |   2566 |   3 | 1002.3 |
               +--------+--------+--------+--------+--------+-----+--------+

Top non-repeatable levels by time:
     D:1: 2033 daAuts
     D:2: 936 daAuts
     D:3: 37 daAuts
